 Dungeon Crawl Stone Soup version 0.22.0-18-ge075c0d (webtiles) character file.

2069313 kuniqs the Talismancer (level 27, 285/285 (290) HPs)
             Began as a Deep Dwarf Fighter on Aug 17, 2018.
             Was the Champion of Makhleb.
             Escaped with the Orb
             ... and 3 runes on Aug 18, 2018!
             The game lasted 01:44:14 (48176 turns).

kuniqs the Talismancer (Deep Dwarf Fighter)        Turns: 48176, Time: 01:44:15

HP:   285/285 (290) AC: 43    Str: 37    XL:     27
MP:   25/25         EV: 13    Int: 10    God:    Makhleb [******]
Gold: 3851          SH: 33    Dex: 15    Spells: 26/26 levels left

rFire    + + +     SeeInvis +   E - +9 war axe (vamp)
rCold    + + +     Gourm    .   A - +2 large shield {reflect}
rNeg     + + .     Faith    .   R - +7 gold dragon scales
rPois    +         Spirit   .   Y - -2 hat of the Alchemist {rElec rPois rF+ rC+ rN+ MR+ rMut rCorr}
rElec    +         Reflect  +   z - +0 cloak of Duty {Regen+ Str-2 Slay+2 SInv}
rCorr    +         Harm     .   V - +1 pair of gloves {Dex+3}
rMut     +                      c - +2 pair of boots
MR       +++++                  M - +5 amulet of reflection
Stlth    ..........             m - ring "Iweose Doss" {AC+3 Str+7}
HPRegen  0.00/turn              I - ring of protection from fire
MPRegen  0.19/turn

@: non-regenerating
A: damage resistance, heal wounds, slimy green scales 1, cold resistance 1,
magic resistance 1, negative energy resistance 1, sense surroundings 3, no
regeneration
0: Orb of Zot
}: 3/15 runes: serpentine, barnacled, silver
a: Heal Wounds, Minor Destruction, Lesser Servant of Makhleb, Major Destruction,
Greater Servant of Makhleb, Renounce Religion


You escaped.
You worshipped Makhleb.
Makhleb was exalted by your worship.
You were very full.

You visited 10 branches of the dungeon, and saw 50 of its levels.
You also visited: Ice Cave and Volcano.

You collected 7488 gold pieces.
You spent 3637 gold pieces at shops.

Inventory:

Hand Weapons
 E - a +9 vampiric war axe (weapon)
Missiles
 q - 7 throwing nets (quivered)
Armour
 c - a +2 pair of boots (worn)
 z - the +0 cloak of Duty (worn) {Regen+ Str-2 Slay+2 SInv}
   (You found it on level 2 of the Shoals)

   It affects your strength (-2).
   It affects your accuracy and damage with ranged weapons and melee attacks
   (+2).
   It lets you see invisible.
   It increases your rate of regeneration.
 A - a +2 large shield of reflection (worn)
 R - +7 gold dragon scales (worn)
 V - a +1 pair of gloves of dexterity (worn)
 Y - the -2 hat of the Alchemist (worn) {rElec rPois rF+ rC+ rN+ MR+ rMut rCorr}
   (You found it on level 5 of the Vaults)

   It protects you from fire.
   It protects you from cold.
   It insulates you from electricity.
   It protects you from poison.
   It protects you from negative energy.
   It affects your resistance to hostile enchantments.
   It provides partial protection from all sources of acid and corrosion.
   It protects you from mutation.
Jewellery
 m - the ring "Iweose Doss" (left hand) {AC+3 Str+7}
   (You took it off a spriggan air mage on level 3 of the Depths)

   [ring of protection]

   It affects your AC (+3).
   It affects your strength (+7).
 I - a ring of protection from fire (right hand)
 M - a +5 amulet of reflection (around neck)
Wands
 n - a wand of scattershot (23)
 r - a wand of clouds (3)
 B - a wand of iceblast (14)
 C - a wand of acid (29)
 D - a wand of enslavement (12)
 J - a wand of disintegration (13)
 T - a wand of polymorph (4)
Scrolls
 b - 8 scrolls of immolation
 k - 21 scrolls of remove curse {@r2}
 l - 9 scrolls of teleportation
 t - 2 scrolls of blinking
 w - 2 scrolls of summoning
 x - 3 scrolls of vulnerability
 y - a scroll of enchant armour
 K - 5 scrolls of silence
 L - 4 scrolls of holy word
 O - 12 scrolls of identify {@r1}
 S - a scroll of fog
 U - a scroll of fear
Potions
 e - 9 potions of cancellation
 g - 5 potions of invisibility
 h - 9 potions of lignification
 i - 5 potions of agility
 j - 4 potions of haste
 o - 12 potions of curing {@q1}
 s - 13 potions of heal wounds
 u - 6 potions of resistance
Miscellaneous
 p - a fan of gales
 v - a phantom mirror
 N - a lightning rod (4/4)
 P - 6 boxes of beasts
 X - 3 sacks of spiders
 Z - a lamp of fire
Comestibles
 f - 58 rations


   Skills:
 + Level 25.4 Fighting
 - Level 18.0 Axes
 - Level 22.0 Armour
 - Level 10.0 Dodging
 - Level 20.0 Shields
 - Level 8.0 Invocations
 O Level 27 Evocations


You had 26 spell levels left.
You didn't know any spells.
Your spell library was empty.

Dungeon Overview and Level Annotations

Branches:
Dungeon (15/15)            Temple (1/1) D:4            Lair (6/6) D:11
 Shoals (4/4) Lair:4        Snake (4/4) Lair:2        Slime (0/5) Lair:6
    Orc (2/2) D:12            Elf (3/3) Orc:2        Vaults (5/5) D:13
  Crypt (0/3) Vaults:3     Depths (5/5) D:15            Zot (5/5) Depths:5

Altars:
Ashenzari
Cheibriados
Dithmenos
Fedhas
Hepliaklqana
Kikubaaqudgha
Makhleb
Okawaru
Qazlal
Ru
Sif Muna
Trog
Uskayaw
Vehumet
Xom
Yredelemnul
Zin
The Shining One
Beogh

Shops:
D:7 %(?   D:10 %   D:12 (   Orc:1 [   Orc:2 :(![   Elf:1 %   Elf:2 =   Elf:3 *(
Shoals:1 (   Vaults:4 (   Depths:3 }=}

Portals:
Hell: Depths:1 Depths:2 Depths:3 Depths:4 Depths:5
Abyss: Depths:4 Depths:5
Pandemonium: Depths:2 Depths:3
Ziggurat: Depths:2

Annotations:
Lair:1 exclusion: oklob plant
Lair:3 exclusion: 2 oklob plants
Elf:2 3 runed doors
Depths:2 1 runed door, Verendum's ghost, veteran TeWr


Innate Abilities, Weirdness & Mutations

You are resistant to damage.
You can heal yourself by infusing magical energy.
You resist negative energy. (rN+)
You passively map a large area around you.
You do not regenerate.
You are partially covered in slimy green scales. (AC +2)
Your flesh is cold resistant. (rC+)
You are resistant to hostile enchantments. (MR+)


Message History

Makhleb accepts yer kill.
Ye feel better.
Nay target in view!
Nay target in view!
Nay target in view!
Nay target in view!
(D) Dungeon (T) Temple (L) Lair (A) Shoals (P) Snake Pit (M) Slime Pits (O) Orcish Mines (E) Elv'n Halls (V) Vaults (C) Crypt (U) Depths (H) Hell (Z) Zot Where ta? (Enter - D:1, ? - help) Thar be a stone staircase leadin' up 'ere.
Ye climb upwards.
Thar be a stone staircase leadin' down 'ere.
Ye see 'ere a dagger.
Ye enter tha shallow water.
Movin' in 'tis stuff be goin' ta be slow.
A Brimstone Fiend comes inta view.
Thar be a staircase leadin' outta tha dungeon 'ere.
Ye haf 'scaped!

### ##@# ##
##..#
#≈###...##
#≈≈≈#...1#
#≈≈≈≈≈≈..#####
###≈≈≈≈≈≈≈≈≈≈#
##..≈≈≈≈≈≈≈≈#
#.......##≈≈#
## ##........#
##


You could see a Brimstone Fiend.

Vanquished Creatures
  2 pandemonium lords
  4 ancient liches
  2 orbs of fire
  A shard shrike (Zot:2)
  A Killer Klown (Zot:5)
  Margery (Depths:3)
  Xtahua (Depths:3)
  2 curse toes
  5 golden dragons
  the Enchantress (Depths:2)
  Nikola (Vaults:2)
  2 electric golems (Zot:5)
  10 tentacled monstrosities
  4 liches
  2 Hell Sentinels
  21 Orb Guardians (Zot:5)
  Rupert (Orc:2)
  3 quicksilver dragons
  5 deep elf blademasters (Elf:3)
  An acid blob (Zot:2)
  5 deep elf master archers (Elf:3)
  A titan (Vaults:5)
  The ghost of Sudwilo the Champion of Chaos, an adept DDGl of Makhleb (Shoals:2)
  11 death cobs
  2 Executioners
  7 sphinxes
  Frances (D:13)
  17 shadow dragons
  4 tengu reavers
  Agnes (Snake:3)
  15 storm dragons
  11 nagarajas
  9 draconian monks
  9 fire giants
  8 deep elf sorcerers
  7 draconian scorchers
  9 draconian knights
  10 frost giants
  14 vault wardens
  A balrug (Depths:2)
  A juggernaut zombie (Depths:3)
  2 ghost moths (Zot:3)
  3 deep elf elementalists
  11 draconian shifters
  A cacodemon (Zot:5)
  4 war gargoyles
  A reaper (Zot:5)
  7 ironheart preservers
  9 draconian stormcallers
  A caustic shrike skeleton (Depths:2)
  3 spriggan defenders (Depths:2)
  26 very ugly things
  9 draconian annihilators
  23 stone giants
  A vampire knight (Depths:1)
  8 deep elf demonologists
  17 red draconians
  17 yellow draconians
  9 black draconians
  14 green draconians
  11 spark wasps
  10 deep elf annihilators
  12 purple draconians
  15 white draconians
  10 fire dragons
  9 deep elf death magi
  3 merfolk impalers
  5 merfolk javelineers
  3 deep elf high priests
  14 ettins
  11 ice dragons
  4 great orbs of eyes
  Josephine (Snake:1)
  22 yaktaur captains
  26 vault guards
  5 hydras
  9 rakshasas
  9 naga warriors
  Fannar (D:10)
  2 catoblepae (Shoals:3)
  11 centaur warriors
  8 anacondas
  3 spriggan air magi
  5 satyrs
  11 ogre magi
  4 merfolk aquamancers (Shoals:4)
  17 dancing weapons
  An anaconda (shapeshifter) (Vaults:3)
  41 two-headed ogres
  7 deep troll earth magi
  5 merfolk avatars
  3 death knights
  2 alligator snapping turtles
  4 orc high priests (Orc:2)
  9 deep troll shamans
  6 tengu warriors
  6 spriggan berserkers
  A vampire mage (Vaults:3)
  4 shock serpents
  14 naga sharpshooters
  20 deep elf knights
  A storm dragon zombie (Depths:3)
  7 skeletal warriors
  3 iron trolls
  3 shadow wraiths
  5 salamander mystics
  4 sixfirhies (Zot:5)
  15 hell knights
  A large abomination (Zot:5)
  9 sea snakes
  An unseen horror (Vaults:1)
  An unseen horror (shapeshifter) (Depths:4)
  A spark wasp zombie (Depths:2)
  11 deep trolls
  2 glowing orange brains
  5 flayed ghosts
  A swamp dragon (shapeshifter) (Vaults:5)
  9 naga ritualists
  2 torturous demonspawn (Depths:2)
  Pikel (D:7)
  14 deep elf archers
  10 wizards
  A wolf spider zombie (D:15)
  3 lindwurms (Depths:4)
  4 phantasmal warriors
  29 harpies
  A tengu zombie (Depths:2)
  7 necromancers
  2 harpies (shapeshifter)
  9 ironbrand convokers
  15 fauns
  13 mana vipers
  20 orc knights
  70 deep elf magi
  12 oklob plants
  3 wolf spiders
  8 orc sorcerers
  36 ugly things
  19 manticores
  A faun (shapeshifter) (Vaults:2)
  12 cyclopes
  11 salamanders
  A guardian serpent (Snake:4)
  21 moths of wrath
  A human skeleton (Vaults:4)
  2 centaur zombies
  13 vault sentinels
  A guardian serpent (shapeshifter) (Vaults:5)
  4 elephants (Lair:5)
  31 naga magi
  4 molten gargoyles
  2 frost giant skeletons
  9 water nymphs
  An eye of devastation (shapeshifter) (Vaults:5)
  47 black mambas
  An ice statue (IceCv)
  8 merfolk sirens
  3 smoke demons (Zot:5)
  2 torpor snails (Lair:4)
  10 spiny frogs
  2 rust devils
  77 yaktaurs
  6 rime drakes
  A komodo dragon (shapeshifter) (Depths:2)
  2 spriggan skeletons (Depths:3)
  A redback zombie (D:15)
  An ice devil (Depths:2)
  A yaktaur (shapeshifter) (Vaults:5)
  2 gargoyles
  5 freezing wraiths
  8 komodo dragons
  4 efreet
  A yaktaur skeleton (Vaults:4)
  2 hellwings
  A tengu simulacrum (Depths:3)
  A red devil (Depths:2)
  8 wind drakes
  2 tengu conjurers
  4 tyrant leeches (Lair:3)
  4 hornets
  9 trolls
  35 merfolk
  A sphinx simulacrum (Vaults:4)
  A wolf spider simulacrum (D:15)
  35 slime creatures
  Grinder (D:6)
  2 hornets (shapeshifter)
  11 blink frogs
  2 polar bears
  A blink frog (shapeshifter) (Depths:3)
  12 hippogriffs
  12 snapping turtles
  27 dream sheep
  4 air elementals
  6 wyverns
  11 water elementals
  3 spriggans
  A tarantella (shapeshifter) (Vaults:2)
  29 yaks
  5 wraiths
  4 vampires
  6 fire elementals
  A human (shapeshifter) (Vaults:1)
  A human (D:11)
  5 basilisks
  2 golden eyes (shapeshifter)
  A hog (shapeshifter) (Depths:1)
  2 steam dragons (Lair:6)
  2 yaks (shapeshifter)
  2 hungry ghosts
  Menkaure (D:5)
  4 swamp worms (Lair:3)
  A swamp worm (shapeshifter) (Depths:3)
  41 nagas
  8 wargs
  3 hell hounds (Lair:6)
  4 floating eyes
  Duvessa (D:6)
  3 swamp drakes (Depths:4)
  A soldier ant (shapeshifter) (D:13)
  11 water moccasins
  17 ice beasts
  5 porcupines
  49 orc warriors
  2 sky beasts
  2 slaves (D:7)
  A black bear (D:10)
  6 phantoms
  2 eyes of draining
  25 ogres
  A spriggan simulacrum (Depths:2)
  A necrophage (D:7)
  A tengu (shapeshifter) (Vaults:2)
  3 boggarts (Vaults:1)
  29 centaurs
  12 crocodiles
  2 big kobolds
  17 bullfrogs
  A wyvern zombie (D:15)
  3 earth elementals (Volcano)
  4 scorpions
  2 wyvern skeletons
  A hornet simulacrum (D:15)
  Dowan (D:6)
  8 wights
  4 electric eels (D:12)
  5 howler monkeys
  7 crimson imps
  A quasit (D:7)
  5 lava snakes (Lair:6)
  4 jellies
  2 gnoll shamans
  16 orc priests
  7 hounds
  2 iron imps
  26 orc wizards
  A bullfrog skeleton (D:9)
  14 centaur skeletons
  3 iguanas
  10 worker ants
  2 hound skeletons
  A howler monkey zombie (D:6)
  18 gnolls
  8 adders
  6 shadow imps
  3 white imps (Depths:2)
  2 ufetubi (Depths:2)
  An adder skeleton (D:4)
  7 worms
  2 dart slugs (D:1)
  110 orcs
  4 giant cockroaches
  9 goblins
  4 hobgoblins
  8 jackals
  5 quokkas
  6 bats (D:3)
  A frilled lizard (D:2)
  A jackal skeleton (D:7)
  14 kobolds
  2 leopard gecko skeletons
  A quokka skeleton (D:6)
  13 rats
  4 bushes (Zot:1)
  11 fungi
  14 plants
2291 creatures vanquished.

Vanquished Creatures (collateral kills)
  A fire dragon (Lair:6)
  An ice dragon (IceCv)
  2 hydras
  A shock serpent (Snake:2)
  A death drake (Snake:2)
  A lindwurm (Lair:6)
  A mana viper (Snake:2)
  An orc knight (D:10)
  A cyclops (Shoals:2)
  A harpy (Shoals:2)
  A deep elf mage (D:12)
  2 fauns (Shoals:2)
  A manticore (Shoals:2)
  A naga mage (Snake:4)
  A black mamba (Lair:6)
  A torpor snail (Lair:3)
  A spiny frog (Lair:3)
  A gargoyle (D:12)
  A troll (D:14)
  A tyrant leech (Lair:3)
  2 blink frogs (Lair:6)
  7 dream sheep (Lair:6)
  3 hippogriffs
  A water elemental (Shoals:4)
  A basilisk (Lair:6)
  A wyvern (Lair:6)
  8 yaks (Lair:3)
  A hungry ghost (D:10)
  An acid dragon (D:12)
  A naga (Snake:4)
  A hell hound (Lair:6)
  A porcupine (Lair:4)
  An ogre (Orc:2)
  2 crocodiles (Lair:6)
  A bullfrog (Lair:4)
  A howler monkey (D:10)
  An electric eel (D:12)
  2 orc priests (Orc:2)
  An orc wizard (D:14)
  2 orcs
61 creatures vanquished.

Vanquished Creatures (others)
  A deep elf master archer (Elf:3)
  A fire giant (Vaults:4)
  A ghost moth (Zot:3)
  A draconian stormcaller (Zot:5)
  A very ugly thing (Zot:2)
  A draconian annihilator (Depths:4)
  A lorocyproca (Zot:5)
  2 deep elf annihilators (Elf:3)
  3 yaktaur captains
  A naga warrior (Snake:4)
  2 centaur warriors
  4 deep elf archers
  A harpy (Shoals:4)
  3 moths of wrath (Zot:5)
  2 deep elf magi
  A naga mage (D:15)
  A rime drake (shapeshifter) (Depths:4)
  9 yaktaurs
  A spriggan (Depths:2)
  A naga (Snake:4)
  A slave (D:7)
  2 sky beasts
  A black bear (shapeshifter) (Vaults:2)
  A boggart (Vaults:1)
  2 centaurs (Depths:1)
  An orc priest (Orc:2)
  An adder (D:12)
  An ufetubus (Depths:2)
  An orc (Vaults:5)
  A bush (Depths:3)
  3 fire vortices (Volcano)
  12 fungi
  21 plants
86 creatures vanquished.

Grand Total: 2438 creatures vanquished

Notes
Turn   | Place    | Note
-------+----------+-------------------------------------------
     0 | D:1      | kuniqs the Deep Dwarf Fighter began the quest for the Orb.
     0 | D:1      | Reached XP level 1. HP: 20/20 MP: 1/1
    79 | D:1      | Reached XP level 2. HP: 22/27 MP: 2/2
   423 | D:1      | Reached skill level 1 in Dodging
   645 | D:2      | Found a hide-covered altar of Uskayaw.
   657 | D:2      | Reached XP level 3. HP: 25/34 MP: 3/3
   659 | D:2      | FUCK ME
  1086 | D:2      | Reached XP level 4. HP: 38/42 MP: 4/4
  1607 | D:3      | Reached XP level 5. HP: 36/49 MP: 5/5
  1824 | D:3      | Reached XP level 6. HP: 41/56 MP: 6/6
  1991 | D:3      | Found a blossoming altar of Fedhas.
  2880 | D:4      | Found a staircase to the Ecumenical Temple.
  2889 | Temple   | Entered the Ecumenical Temple
  2904 | Temple   | Became a worshipper of Makhleb the Destroyer
  3058 | D:4      | Reached skill level 1 in Invocations
  3323 | D:5      | Entered Level 5 of the Dungeon
  3352 | D:5      | Reached XP level 7. HP: 64/64 MP: 6/8
  3379 | D:5      | Reached skill level 5 in Armour
  3379 | D:5      | Reached skill level 5 in Shields
  3927 | D:5      | Noticed Menkaure
  3932 | D:5      | Killed Menkaure
  3932 | D:5      | Reached XP level 8. HP: 69/73 MP: 8/10
  4139 | D:5      | Found a glowing silver altar of Zin.
  4332 | D:6      | Reached * piety under Makhleb
  4390 | D:6      | Noticed Duvessa
  4390 | D:6      | Noticed Dowan
  4393 | D:6      | Killed Dowan
  4393 | D:6      | Reached skill level 5 in Axes
  4397 | D:6      | Killed Duvessa
  4397 | D:6      | Reached skill level 1 in Evocations
  4509 | D:6      | Noticed Grinder
  4534 | D:6      | Killed Grinder
  4534 | D:6      | Reached skill level 2 in Evocations
  4569 | D:6      | Reached skill level 5 in Fighting
  4603 | D:6      | Reached skill level 5 in Dodging
  4650 | D:6      | Found a shattered altar of Ashenzari.
  4753 | D:6      | Found a glowing golden altar of the Shining One.
  4861 | D:6      | Reached skill level 3 in Evocations
  4861 | D:6      | Gained mutation: You passively map the area around you. [Deep Dwarf growth]
  4861 | D:6      | Reached XP level 9. HP: 62/81 MP: 12/12
  5000 | D:7      | Found Doas's Magic Scroll Shop.
  5066 | D:7      | Found a stormy altar of Qazlal.
  5083 | D:7      | Noticed Pikel
  5111 | D:7      | Killed Pikel
  5111 | D:7      | Reached skill level 5 in Invocations
  5353 | D:7      | Reached skill level 4 in Evocations
  5467 | D:7      | Found Cioxuec's Weapon Emporium.
  5470 | D:7      | Bought a +1 vampiric war axe for 227 gold pieces
  5559 | D:7      | Found Ceta's Food Boutique.
  5672 | D:7      | Found an iron altar of Okawaru.
  5819 | D:8      | Reached ** piety under Makhleb
  5971 | D:8      | Paralysed by a hornet for 3 turns
  6515 | D:8      | Found a sacrificial altar of Ru.
  6773 | D:8      | Reached skill level 5 in Evocations
  6876 | D:9      | Upgraded the game from 0.22.0-16-gc6d26f6 to 0.22.0-18-ge075c0d
  6914 | D:9      | Reached XP level 10. HP: 91/91 MP: 13/13
  7205 | D:9      | Reached *** piety under Makhleb
  7258 | D:9      | Found an ancient bone altar of Kikubaaqudgha.
  7470 | D:10     | Entered Level 10 of the Dungeon
  7476 | D:10     | Identified a scroll of acquirement
  7551 | D:10     | Got a crude helmet
  7562 | D:10     | Identified the +2 helmet of Duty {rF+ Regen+ Int+3} (You acquired it on level 10 of the Dungeon)
  7565 | D:10     | Found Kemn's Food Shop.
  7619 | D:10     | Noticed a gargoyle
  7622 | D:10     | Noticed Fannar
  7636 | D:10     | Killed a gargoyle
  7656 | D:10     | Killed Fannar
  7656 | D:10     | Reached skill level 6 in Evocations
  8178 | D:11     | Noticed a manticore
  8197 | D:11     | Killed a manticore
  8238 | D:11     | Noticed an orc knight
  8361 | D:11     | Reached XP level 11. HP: 99/99 MP: 14/14
  8544 | D:11     | Found a roughly hewn altar of Beogh.
  8544 | D:11     | Noticed an orc knight
  8570 | D:11     | Reached skill level 7 in Evocations
  8607 | D:11     | Killed an orc knight
  8626 | D:11     | Reached **** piety under Makhleb
  8767 | D:11     | Found a staircase to the Lair.
  8972 | D:10     | Killed an orc knight
  9149 | Lair:1   | Entered Level 1 of the Lair of Beasts
  9285 | Lair:1   | Reached skill level 8 in Evocations
  9413 | Lair:1   | Noticed a four-headed hydra
  9421 | Lair:1   | Killed a four-headed hydra
  9692 | Lair:1   | Noticed an oklob plant
 10019 | Lair:2   | Found a frozen archway.
 10028 | IceCv    | Entered an ice cave
 10067 | IceCv    | Reached XP level 12. HP: 110/110 MP: 15/15
 10167 | IceCv    | Noticed an ice dragon
 10167 | IceCv    | Noticed an ice dragon
 10318 | IceCv    | Killed an ice dragon
 10318 | IceCv    | Reached skill level 9 in Evocations
 10348 | IceCv    | Killed an ice dragon
 10735 | Lair:2   | Found a staircase to the Snake Pit.
 11213 | Lair:3   | Got a bronze scale mail
 11240 | Lair:3   | Noticed a five-headed hydra
 11250 | Lair:3   | Killed a five-headed hydra
 11339 | Lair:3   | Noticed an eight-headed hydra
 11349 | Lair:3   | Killed an eight-headed hydra
 11388 | Lair:3   | Reached skill level 10 in Armour
 11669 | Lair:3   | Reached skill level 10 in Shields
 11933 | Lair:3   | Reached skill level 10 in Evocations
 12015 | Lair:3   | Reached ***** piety under Makhleb
 12382 | Lair:4   | Noticed a five-headed hydra
 12408 | Lair:4   | Killed a five-headed hydra
 12426 | Lair:4   | Reached XP level 13. HP: 118/118 MP: 14/14
 12540 | Lair:4   | Found a staircase to the Shoals.
 12589 | Lair:4   | Reached skill level 10 in Axes
 12637 | Lair:4   | Found a snail-covered altar of Cheibriados.
 12882 | Lair:4   | Identified the +3 scale mail of Dyc Buut {Dex+4} (You found it on level 3 of the Lair of Beasts)
 13257 | Lair:5   | Reached skill level 10 in Dodging
 13615 | Lair:5   | Reached skill level 11 in Evocations
 13860 | Lair:6   | Entered Level 6 of the Lair of Beasts
 13922 | Lair:6   | Found a large runed door.
 13922 | Lair:6   | Found a large runed door.
 14009 | Lair:6   | Noticed a fire dragon
 14024 | Lair:6   | Killed a fire dragon
 14508 | Lair:6   | Found a staircase to the Slime Pits.
 15170 | D:12     | Found a staircase to the Orcish Mines.
 15172 | D:12     | Found Wuiffal's Weapon Emporium.
 15415 | D:12     | Gained mutation: You resist negative energy. (rN+) [Deep Dwarf growth]
 15415 | D:12     | Reached XP level 14. HP: 98/130 MP: 16/16
 15938 | D:13     | Reached skill level 12 in Evocations
 16138 | D:13     | Reached ****** piety under Makhleb
 16156 | D:13     | Reached skill level 10 in Fighting
 16238 | D:13     | Noticed Frances
 16394 | D:13     | Found a gate to the Vaults.
 16457 | D:13     | Killed Frances
 17333 | D:14     | Reached skill level 13 in Evocations
 17531 | D:15     | Entered Level 15 of the Dungeon
 17735 | D:15     | Reached XP level 15. HP: 140/140 MP: 16/16
 18239 | D:15     | Found a staircase to the Depths.
 18482 | Orc:1    | Entered Level 1 of the Orcish Mines
 18482 | Orc:1    | Found a roughly hewn altar of Beogh.
 18483 | Orc:1    | Found Kusotaxt's Antique Armour Shoppe.
 18720 | Orc:2    | Entered Level 2 of the Orcish Mines
 18753 | Orc:2    | Noticed Rupert
 18773 | Orc:2    | Killed Rupert
 18775 | Orc:2    | Found a staircase to the Elven Halls.
 18805 | Orc:2    | Found a dark tunnel.
 18814 | Volcano  | Entered a volcano
 19031 | Orc:1    | Reached skill level 14 in Evocations
 19960 | Orc:2    | Found Qifeagg's Antique Weapon Shop.
 19960 | Orc:2    | Found Jigryil's Book Emporium.
 19962 | Orc:2    | Found Etisaw's Armour Shop.
 19962 | Orc:2    | Found Kisix's Distillery.
 19979 | Orc:2    | Bought a potion of resistance for 120 gold pieces
 19979 | Orc:2    | Bought a potion of flight for 36 gold pieces
 20118 | Snake:1  | Entered Level 1 of the Snake Pit
 20629 | Snake:1  | Noticed Josephine
 20645 | Snake:1  | Killed Josephine
 20805 | Snake:2  | Reached XP level 16. HP: 151/151 MP: 16/16
 21512 | Snake:2  | Reached skill level 15 in Evocations
 22146 | Snake:3  | Noticed Agnes
 22167 | Snake:3  | Killed Agnes
 22731 | Snake:4  | Entered Level 4 of the Snake Pit
 23070 | Snake:4  | Reached XP level 17. HP: 83/162 MP: 14/14
 23092 | Snake:4  | Reached skill level 16 in Evocations
 23340 | Snake:4  | Got a serpentine rune of Zot
 23601 | Snake:4  | Reached skill level 15 in Armour
 23842 | Snake:4  | Reached skill level 15 in Shields
 24370 | Shoals:1 | Entered Level 1 of the Shoals
 24439 | Shoals:1 | Found Tegae's Antique Weapon Shoppe.
 24733 | Shoals:1 | Reached skill level 15 in Axes
 25316 | Shoals:2 | Reached skill level 17 in Evocations
 25523 | Shoals:2 | Gained mutation: You passively map a large area around you. [Deep Dwarf growth]
 25523 | Shoals:2 | Reached XP level 18. HP: 171/171 MP: 15/15
 25604 | Shoals:2 | Noticed Sudwilo's ghost (adept DDGl)
 25610 | Shoals:2 | Found a runed gate.
 25610 | Shoals:2 | Found a runed gate.
 25610 | Shoals:2 | Found a runed gate.
 25674 | Shoals:2 | Killed Sudwilo's ghost
 25685 | Shoals:2 | Got a dazzling cloak
 25696 | Shoals:2 | Identified the +0 cloak of Duty {Regen+ Str-2 Slay+2 SInv} (You found it on level 2 of the Shoals)
 26787 | Shoals:4 | Entered Level 4 of the Shoals
 27695 | Shoals:4 | Found a hazy altar of Hepliaklqana.
 27908 | Shoals:4 | Got a barnacled rune of Zot
 28355 | D:7      | Bought a scroll of enchant weapon for 112 gold pieces
 28536 | Vaults:1 | Entered Level 1 of the Vaults
 28623 | Vaults:1 | Reached skill level 18 in Evocations
 28873 | Vaults:1 | Reached XP level 19. HP: 108/182 MP: 17/17
 29262 | Vaults:1 | Found a glowing silver altar of Zin.
 30273 | Vaults:2 | Noticed a Tzitzimitl
 30338 | Vaults:2 | Noticed Nikola
 30364 | Vaults:2 | Killed Nikola
 30914 | Vaults:2 | Reached skill level 19 in Evocations
 31374 | Vaults:3 | Reached XP level 20. HP: 192/193 MP: 18/18
 31382 | Vaults:3 | Found a staircase to the Crypt.
 31811 | Vaults:3 | Reached skill level 15 in Fighting
 32637 | Vaults:4 | Found Cuygoah's Weapon Boutique.
 33288 | Vaults:5 | Entered Level 5 of the Vaults
 33336 | Vaults:5 | Reached skill level 20 in Evocations
 33360 | Vaults:5 | Reached XP level 21. HP: 202/202 MP: 20/20
 34102 | Vaults:5 | Reached skill level 21 in Evocations
 34151 | Vaults:5 | Noticed an ancient lich
 34162 | Vaults:5 | Paralysed by an ancient lich for 7 turns
 34189 | Vaults:5 | Killed an ancient lich
 34260 | Vaults:5 | Reached XP level 22. HP: 194/214 MP: 21/21
 34325 | Vaults:5 | Found the -2 hat of the Alchemist {rElec rPois rF+ rC+ rN+ MR+ rMut rCorr}
 34358 | Vaults:5 | Got a vibrating marble ring
 34500 | Vaults:5 | Identified the Grimoire of Floating Enhancements
 34502 | Vaults:5 | Got a silver rune of Zot
 35301 | Elf:1    | Entered Level 1 of the Elven Halls
 35725 | Elf:1    | Found Ulism's Food Boutique.
 36090 | Elf:2    | Found Nuacos's Jewellery Shoppe.
 36093 | Elf:2    | Bought a +5 amulet of reflection for 741 gold pieces
 36109 | Elf:2    | Identified the ring of Poolumas {*Tele rElec rC+ MP+9} (You found it on level 5 of the Vaults)
 36332 | Elf:2    | Found a runed gate.
 36332 | Elf:2    | Found a runed gate.
 36332 | Elf:2    | Found a runed gate.
 36459 | Elf:3    | Entered Level 3 of the Elven Halls
 36616 | Elf:3    | Found Acefiliu's Assorted Antiques.
 36962 | Elf:3    | Reached skill level 22 in Evocations
 37288 | Elf:3    | Reached XP level 23. HP: 225/225 MP: 23/23
 37457 | Elf:3    | Got a steaming crystal amulet
 37504 | Elf:3    | Identified the amulet "Angiehok" {Faith *Corrode rF++ Str+3} (You took it off a deep elf archer on level 3 of the Elven Halls)
 37564 | Elf:3    | Identified the Guide on Mutagenic Companions
 37689 | Elf:3    | Found Mephit's Antique Weapon Shop.
 37708 | Elf:3    | Bought a runed broad axe for 119 gold pieces
 37910 | Depths:1 | Entered Level 1 of the Depths
 37975 | Depths:1 | Found a gateway to Hell.
 38411 | Depths:1 | Found a radiant altar of Vehumet.
 38412 | Depths:1 | Found the +2 hat of the Bear Spirit {Spirit, +Rage rN+ MR++}
 38413 | Depths:1 | Found the +3 robe of Clouds {+Fly rElec}
 38460 | Depths:1 | Identified the cursed +0 hat "Uneximn" {*Drain rElec rF+ Dex+6} (You found it on level 1 of the Depths)
 38489 | Depths:1 | Identified the cursed +0 hat of Purpose {Slay+2} (You found it on level 1 of the Depths)
 38790 | Depths:2 | Found a runed door.
 38829 | Depths:2 | Noticed Verendum's ghost (veteran TeWr)
 38874 | Depths:2 | Noticed the Enchantress
 38893 | Depths:2 | Reached skill level 23 in Evocations
 38904 | Depths:2 | Killed the Enchantress
 38947 | Depths:2 | Found a gateway to a ziggurat.
 39726 | Depths:2 | Found a one-way gate leading to the halls of Pandemonium.
 40112 | Depths:3 | Noticed Xtahua
 40127 | Depths:3 | Killed Xtahua
 40154 | Depths:3 | Noticed Margery
 40179 | Depths:3 | Killed Margery
 40332 | Depths:3 | Reached XP level 24. HP: 237/237 MP: 23/23
 40394 | Depths:3 | Paralysed by a floating eye for 4 turns
 40399 | Depths:3 | GRRRR
 40494 | Depths:3 | Reached skill level 24 in Evocations
 40507 | Depths:3 | Paralysed by a floating eye for 4 turns
 40514 | Depths:3 | Identified the +4 plate armour of Girunew {rC+ rN+} (You found it on level 3 of the Depths)
 40593 | Depths:3 | Got a shimmering lead ring
 41075 | Depths:3 | Found Wizay's Gadget Shoppe.
 41075 | Depths:3 | Found Xamejeuk's Jewellery Boutique.
 41076 | Depths:3 | Found Ygiaraj's Gadget Shoppe.
 41081 | Depths:3 | Bought a sack of spiders for 400 gold pieces
 41081 | Depths:3 | Bought a sack of spiders for 400 gold pieces
 41081 | Depths:3 | Bought a wand of scattershot (6) for 600 gold pieces
 41085 | Depths:3 | Bought a wand of acid (10) for 504 gold pieces
 41085 | Depths:3 | Bought a wand of clouds (3) for 378 gold pieces
 41386 | Depths:4 | Found a one-way gate to the infinite horrors of the Abyss.
 42072 | Depths:4 | Got a sparkling tin ring
 42073 | Depths:4 | Identified the ring of Reimbursement {*Contam +Fly rPois Int+7} (You found it on level 4 of the Depths)
 42075 | Depths:4 | Identified the ring "Iweose Doss" {AC+3 Str+7} (You took it off a spriggan air mage on level 3 of the Depths)
 42484 | Depths:5 | Entered Level 5 of the Depths
 42652 | Depths:5 | Reached skill level 25 in Evocations
 42855 | Depths:5 | Found a gate to the Realm of Zot.
 43096 | Zot:1    | Entered Level 1 of the Realm of Zot
 43187 | Zot:1    | Reached XP level 25. HP: 244/244 MP: 24/24
 44226 | Zot:2    | Reached skill level 26 in Evocations
 44255 | Zot:2    | Noticed a shard shrike
 44275 | Zot:2    | Killed a shard shrike
 45135 | Zot:3    | Noticed an orb of fire
 45163 | Zot:3    | Killed an orb of fire
 45163 | Zot:3    | Reached skill level 27 in Evocations
 45362 | Zot:3    | Reached XP level 26. HP: 261/261 MP: 25/25
 46713 | Zot:5    | Entered Level 5 of the Realm of Zot
 46843 | Zot:5    | Noticed an ancient lich
 46863 | Zot:5    | Noticed an ancient lich
 46876 | Zot:5    | Killed an ancient lich
 46905 | Zot:5    | Killed an ancient lich
 47197 | Zot:5    | Reached XP level 27. HP: 242/280 MP: 25/25
 47198 | Zot:5    | Noticed an orb of fire
 47213 | Zot:5    | Gained mutation: Armour fits poorly on your strangely shaped body. [an orb of fire]
 47223 | Zot:5    | Gained mutation: You are weak. (Str -2) [an orb of fire]
 47226 | Zot:5    | Killed an orb of fire
 47231 | Zot:5    | Noticed an ancient lich
 47237 | Zot:5    | Killed an ancient lich
 47273 | Zot:5    | Lost mutation: You are weak. (Str -2) [potion of mutation]
 47273 | Zot:5    | Gained mutation: Scrolls take you a little longer to read. [potion of mutation]
 47273 | Zot:5    | Gained mutation: You are clumsy. (Dex -2) [potion of mutation]
 47273 | Zot:5    | Gained mutation: Your muscles are strong. (Str +2) [potion of mutation]
 47273 | Zot:5    | Gained mutation: Your flesh is heat resistant. (rF+) [potion of mutation]
 47274 | Zot:5    | Lost mutation: You are clumsy. (Dex -2) [potion of mutation]
 47274 | Zot:5    | Lost mutation: Your muscles are strong. (Str +2) [potion of mutation]
 47274 | Zot:5    | Gained mutation: Your spells are a little easier to cast, but a little less powerful. [potion of mutation]
 47274 | Zot:5    | Gained mutation: You are surrounded by a mild repulsion field. (EV +2) [potion of mutation]
 47275 | Zot:5    | Lost mutation: Scrolls take you a little longer to read. [potion of mutation]
 47275 | Zot:5    | Lost mutation: You are surrounded by a mild repulsion field. (EV +2) [potion of mutation]
 47275 | Zot:5    | Lost mutation: Your spells are a little easier to cast, but a little less powerful. [potion of mutation]
 47275 | Zot:5    | Gained mutation: You are somewhat resistant to further mutation. [potion of mutation]
 47276 | Zot:5    | Lost mutation: You are somewhat resistant to further mutation. [potion of mutation]
 47276 | Zot:5    | Lost mutation: Your flesh is heat resistant. (rF+) [potion of mutation]
 47276 | Zot:5    | Lost mutation: Armour fits poorly on your strangely shaped body. [potion of mutation]
 47276 | Zot:5    | Gained mutation: You are frail. (-10% HP) [potion of mutation]
 47276 | Zot:5    | Gained mutation: You are partially covered in yellow scales. (AC +2) [potion of mutation]
 47276 | Zot:5    | Gained mutation: You have large cloven feet. [potion of mutation]
 47277 | Zot:5    | Lost mutation: You are frail. (-10% HP) [potion of mutation]
 47277 | Zot:5    | Lost mutation: You have large cloven feet. [potion of mutation]
 47277 | Zot:5    | Lost mutation: You are partially covered in yellow scales. (AC +2) [potion of mutation]
 47277 | Zot:5    | Gained mutation: Scrolls take you a little longer to read. [potion of mutation]
 47277 | Zot:5    | Gained mutation: You are partially covered in slimy green scales. (AC +2) [potion of mutation]
 47277 | Zot:5    | Gained mutation: You have large cloven feet. [potion of mutation]
 47277 | Zot:5    | Gained mutation: You evolve. [potion of mutation]
 47393 | Zot:5    | Got the Orb of Zot
 47451 | Zot:5    | Gained mutation: Armour fits poorly on your strangely shaped body. [a cacodemon]
 47490 | Zot:5    | Lost mutation: Scrolls take you a little longer to read. [potion of mutation]
 47490 | Zot:5    | Lost mutation: You evolve. [potion of mutation]
 47490 | Zot:5    | Gained mutation: You are dopey. (Int -2) [potion of mutation]
 47490 | Zot:5    | Lost mutation: You are dopey. (Int -2) [potion of mutation]
 47491 | Zot:5    | Lost mutation: You have large cloven feet. [potion of mutation]
 47491 | Zot:5    | Lost mutation: Armour fits poorly on your strangely shaped body. [potion of mutation]
 47491 | Zot:5    | Gained mutation: You are resistant to hostile enchantments. (MR+) [potion of mutation]
 47491 | Zot:5    | Gained mutation: Your flesh is cold resistant. (rC+) [potion of mutation]
 47510 | Zot:5    | Noticed Feic the pandemonium lord
 47525 | Zot:5    | Killed Feic the pandemonium lord
 47682 | Zot:1    | Noticed Bitiucw the pandemonium lord
 47692 | Zot:1    | Killed Bitiucw the pandemonium lord
 48176 | D:$      | Escaped with the Orb!

Skill      XL: |  1  2  3  4  5  6  7  8  9 10 11 12 13 14 15 16 17 18 19 20 21 22 23 24 25 26 27 |
---------------+----------------------------------------------------------------------------------+-----
Dodging        | 1 2 3 4 5 6 7 8 9 10 | 10.0
Fighting       | 3 4 5 6 7 8 9 10 11 12 13 14 15 16 17 18 19 21 24 25 | 25.4
Axes           | 3 4 5 6 7 8 9 11 12 13 14 15 16 17 18 | 18.0
Armour         | 4 5 6 7 8 9 10 11 12 13 14 15 16 17 18 19 21 22 | 22.0
Shields        | 4 5 6 7 8 9 10 11 12 13 14 15 16 17 18 19 20 | 20.0
Invocations    | 1 2 4 6 7 8 |  8.0
Evocations     | 3 5 6 8 10 11 13 14 15 17 18 19 20 21 22 23 25 27 | 27.0

Action                   |  1- 3 |  4- 6 |  7- 9 | 10-12 | 13-15 | 16-18 | 19-21 | 22-24 | 25-27 || total
-------------------------+-------+-------+-------+-------+-------+-------+-------+-------+-------++-------
Melee: War axe           |   101 |   246 |   391 |  1044 |  2092 |  2333 |  1862 |  2289 |  1696 || 12054
       Whip              |       |       |    65 |       |       |       |       |       |       ||    65
Throw: Javelin           |       |       |     7 |       |       |       |       |       |       ||     7
       Throwing net      |       |       |       |       |       |       |     2 |       |     1 ||     3
Invok: Lesser Servant of |       |       |       |    13 |    13 |    13 |     1 |       |       ||    40
       Minor Destruction |       |       |       |    38 |    41 |       |       |       |       ||    79
 Abil: Heal Wounds       |     1 |     3 |     3 |    22 |    10 |    18 |       |       |       ||    57
       Evoke Berserk Rag |       |       |       |       |       |     6 |       |       |       ||     6
Evoke: Wand              |       |       |    10 |     1 |     2 |    11 |       |     5 |    16 ||    45
       Lightning rod     |       |       |       |       |     7 |    14 |    15 |     1 |       ||    37
       Lamp of fire      |       |       |       |       |       |       |       |     3 |       ||     3
  Use: Scroll            |       |     6 |     5 |     8 |    12 |    12 |     4 |    25 |     7 ||    79
       Potion            |       |     2 |     2 |     2 |       |    13 |     1 |       |    15 ||    35
 Stab: Distracted        |       |       |       |     5 |     5 |     7 |     2 |     3 |       ||    22
       Petrified         |       |       |       |       |       |     8 |       |       |       ||     8
       Held in net/web   |       |       |       |       |       |       |     1 |       |       ||     1
  Eat: Chunk             |     1 |     7 |    10 |    24 |    30 |    24 |    16 |    28 |    12 ||   152
       Ration            |       |       |     2 |       |     2 |     4 |     1 |     1 |     4 ||    14
Armor: Scale mail        |    30 |   108 |       |       |       |       |       |       |       ||   138
       Chain mail        |       |     3 |   256 |    88 |       |       |       |       |       ||   347
       Plate armour      |       |       |       |   515 |   942 |   944 |   621 |       |       ||  3022
       Storm dragon scal |       |       |       |       |       |       |    54 |   400 |       ||   454
       Gold dragon scale |       |       |       |       |       |       |       |   227 |   612 ||   839
       Skin              |       |       |       |       |       |       |       |       |    41 ||    41
Dodge: Dodged            |    22 |   103 |   143 |   380 |   736 |   619 |   437 |   482 |   365 ||  3287
Block: Shield            |    48 |   159 |   237 |   704 |  1233 |       |       |       |       ||  2381
       Large shield      |       |       |       |       |   212 |  2614 |  1808 |  2372 |  2207 ||  9213
       Reflection        |       |       |       |       |       |       |    38 |   158 |    30 ||   226
